 Dungeon Crawl Stone Soup version 0.29-a0-823-gc37b1572da (webtiles) character file.

Game seed: 2474807849639809644

630 zeratav the Tainter (level 7, -1/38 (43) HPs)
             Began as an Octopode Venom Mage on July 8, 2022.
             Slain by Edmund
             ... wielding a +1 dire flail of draining
              (2 damage)
             ... on level 5 of the Dungeon.
             The game lasted 00:12:31 (5727 turns).

zeratav the Tainter (Octopode Venom Mage)           Turns: 5727, Time: 00:12:31

HP:   -1/38 (43)    AC:  1    Str:  8    XL:     7   Next: 48%
MP:   13/19         EV: 13    Int: 19    God:
Gold: 228           SH:  3    Dex: 12    Spells: 3/10 levels left

rFire   . . .      SeeInvis .   l - +4 mace (holy) {mace}
rCold   . . .      Faith    .   g - +0 buckler
rNeg    . . .      Spirit   .   (helmet restricted)
rPois   .          Reflect  .   t - amulet of magic regeneration {@e2}
rElec   .          Harm     .   s - ring of magical power
rCorr   .          Rampage  .   (no ring)
Will    .....                   (no ring)
Stlth   ++++......              (no ring)
HPRegen 0.12/turn               (no ring)
MPRegen 0.56/turn               (no ring)
                                (no ring)
                                (no ring)

@: heavily drained
A: almost no armour, amphibious, 8 rings, camouflage 1, gelatinous body 1,
(nimble swimmer 1), tentacles
a: no special abilities


You were on level 5 of the Dungeon.
You visited 1 branch of the dungeon, and saw 5 of its levels.

You collected 228 gold pieces.


Innate Abilities, Weirdness & Mutations

You cannot wear most types of armour.
You are amphibious.
You can wear up to eight rings at the same time.
Your skin changes colour to match your surroundings (Stealth+).
Your rubbery body absorbs attacks. (AC +1, EV +1)
((You are camouflaged when in or above water. (Stealth+)))
You have tentacles for arms and can constrict up to eight enemies at once.


   Skills:
 + Level 1.4 Fighting
 + Level 2.6 Dodging
 - Level 5.0 Stealth
 - Level 2.0 Spellcasting
 - Level 1.0 Transmutations
 - Level 9.0 Poison Magic


You had 3 spell levels left.
You knew the following spells:

 Your Spells              Type           Power      Damage    Failure   Level
a - Sting                 Tmut/Pois      80%        1d7       3%          1
b - Poisonous Vapours     Pois/Air       38%        N/A       5%          2
c - Olgreb's Toxic Radia  Pois           36%        N/A       5%          4

Your spell library contained the following spells:

 Spells                   Type           Power      Damage    Failure   Level
 Mephitic Cloud           Conj/Pois/Air  13%        N/A       21%         3
 Summon Lightning Spire   Summ/Air       1%         N/A       92%         4
 Storm Form               Tmut/Air       1%         N/A       100%        7
 Borgnjor's Revivificati  Necr           0%         N/A       100%        8
 Maxwell's Capacitive Co  Air            0%         ∞         100%        8
 Necromutation            Tmut/Necr      1%         N/A       100%        8
 Death's Door             Necr           0%         N/A       100%        9

Inventory:

Hand Weapons
 k - a +1 dagger of holy wrath {short}
   (You took it off a goblin on level 2 of the Dungeon)
 l - a +4 mace of holy wrath (weapon) {mace}
   (You took it off Robin on level 2 of the Dungeon)
Armour
 g - a +0 buckler (worn)
   (You found it on level 4 of the Dungeon)
Jewellery
 o - an amulet of reflection
   (You found it on level 2 of the Dungeon)
 s - a ring of magical power (left tentacle)
   (You found it on level 3 of the Dungeon)
 t - an amulet of magic regeneration (around mantle) {@e2}
   (You found it on level 3 of the Dungeon)
Wands
 p - a wand of paralysis (9)
   (You took it off Ijyb on level 4 of the Dungeon)
 v - a wand of iceblast (7)
   (You found it on level 4 of the Dungeon)
Scrolls
 c - a scroll of teleportation {@r4}
 d - 2 scrolls of blinking {!r}
 n - 2 scrolls of vulnerability {!r!r}
 u - a scroll of magic mapping {!r}
 w - a scroll of identify {@r1}
 x - a scroll of immolation {unknown}
Potions
 a - 2 potions of magic
 b - 7 potions of heal wounds {unknown}
 e - 3 potions of brilliance {unknown}
 f - a potion of attraction {unknown}
 h - 2 potions of lignification {unknown}
 i - a potion of flight {unknown}
 j - 2 potions of mutation {unknown}
 m - 2 potions of curing {unknown}
 q - a potion of degeneration {unknown}
 r - a potion of haste {unknown}

Dungeon Overview and Level Annotations

Branches:
Dungeon (5/15) Zot: 24261
 Temple: D:4-7

Altars:
Dithmenos
Vehumet
Xom
Zin

Shops:
D:1 (

Annotations:
D:4 Dowan, Duvessa
D:5 Edmund

#..##.#..# #.##
##....#### #.##
#..##.#..# #.#
.##..#.##..# ..#
... #....### ###
#..#.##..## #
##.#..##.#.# ..
..##....### #. ##
#..##@#..#
##..#.##..#@##..#
.......###.## ###
.......#†..#
.........###
....h..###
######. .# ≈.


You could see Edmund (very poisoned).


Message History

Confirm with . or Enter, or press ? or * to list all spells.
Aiming: Poisonous Vapours (safe; 5% risk of failure)
Press: ? - help, Dir - move target, f/p - hound
Aim: a hound (moderately wounded, extremely poisoned) Poisonous vapours surround the hound!
The hound looks as sick as possible!
The hound bites you.
HP[-4] MP[-1]
You take 4 damage, and now have 38/42 hp.
You lost 1 mp, and now have 13/19 mp.
A hound is nearby!
You closely miss the hound. Your grab misses the hound. You squeeze the hound.
You kill the hound!
MP[+1] No target in view!
You now have 200 gold pieces (gained 6).
You now have 209 gold pieces (gained 9).
You see here 2 poisoned darts {throwing}.
You now have 210 gold pieces (gained 1).
You see here a +0 war axe {axe}.
Found a stone staircase leading down.
HP[+4] MP[+5]
Your hp is fully restored (42).
Your mp is fully restored (19).
You now have 228 gold pieces (gained 18).
Found a stone staircase leading down.
b - 7 fuming puce potions (gained 1)
A necrophage comes into view.
You sock the necrophage!
The necrophage convulses!
You grab the necrophage. You squeeze the necrophage.
You constrict the necrophage, but do no damage.
The necrophage hits you but does no damage.
The necrophage hits you.
HP[-3]
You take 3 damage, and now have 39/42 hp.
You hit the necrophage.
The necrophage convulses.
You squeeze the necrophage.
You destroy the necrophage!
Your Fighting skill increases to level 1!
HP[+1]
You now have 43 max hp (+1).
You see here a necrophage corpse.
Edmund the Younger comes into view.
He is wielding a +1 dire flail of draining.
Found a glowing silver altar of Zin.
Casting: Poisonous Vapours (safe; 5% risk of failure)
Confirm with . or Enter, or press ? or * to list all spells.
Aiming: Poisonous Vapours (safe; 5% risk of failure)
Press: ? - help, Dir - move target, f - Edmund
Aim: Edmund, wielding a +1 dire flail of draining and wearing a +0 leather armour (asleep)
Okay, then.
Casting: Poisonous Vapours (safe; 5% risk of failure)
Confirm with . or Enter, or press ? or * to list all spells.
You begin to radiate toxic energy.
Edmund shouts!
Edmund is poisoned.
Edmund looks even sicker.
You hear a bark!
MP[-4]
You lost 4 mp, and now have 15/19 mp.
Your toxic aura wanes.
HP[+1] MP[+1]
Casting: Olgreb's Toxic Radiance (dangerous; 5% risk of failure)
Confirm with . or Enter, or press ? or * to list all spells.
You begin to radiate toxic energy.
Edmund looks even sicker.
Edmund looks as sick as possible!
Edmund says, "People think my brother is the best.
I think he's crazy."
MP[-4]
You lost 4 mp, and now have 12/19 mp.
Your toxic aura wanes.
MP[+1]
Casting: Olgreb's Toxic Radiance (dangerous; 5% risk of failure)
Confirm with . or Enter, or press ? or * to list all spells.
You begin to radiate toxic energy.
MP[-3]
You lost 3 mp, and now have 10/19 mp.
Edmund looks as sick as possible!
Your toxic aura wanes.
A hound comes into view.
MP[+1] Edmund attacks as you move away!
Edmund hits you with a +1 dire flail of draining!
You feel drained.
HP[-10]
You now have 42 max hp (-1).
You take 10 damage, and now have 31/42 hp.
MASSIVE DAMAGE!! (PAUSE) HP[+1] MP[+1]
You closely miss Edmund. Your grab misses Edmund. Your squeeze misses Edmund.
Edmund hits you with a +1 dire flail of draining!
* * * LOW HITPOINT WARNING * * *
You feel drained.
* * * LOW HITPOINT WARNING * * *
Edmund hits you with a +1 dire flail of draining!
* * * LOW HITPOINT WARNING * * *
You feel drained.
HP[-25] MP[+1]
You now have 39 max hp (-3).
You take 25 damage, and now have 7/39 hp.
MASSIVE DAMAGE!! (PAUSE)
You closely miss Edmund. You grab Edmund. You constrict Edmund.
Edmund hits you with a +1 dire flail of draining.
* * * LOW HITPOINT WARNING * * *
You feel drained.
You die...

Skill      XL: |  1  2  3  4  5  6  7 |
---------------+----------------------+-----
Stealth        | 3 4 5 |  5.0
Poison Magic   | 4 5 7 8 9 |  9.0
Fighting       | 1 |  1.4
Dodging        | |  2.6
Spellcasting   | |  2.0
Transmutations | |  1.0

Action                   |  1- 3 |  4- 6 |  7- 9 || total
-------------------------+-------+-------+-------++-------
Melee: Whip              |     8 |       |       ||     8
       Tentacles         |     9 |    15 |     8 ||    32
       Constrict         |    10 |     8 |     5 ||    23
       Punch             |     2 |       |       ||     2
       Dagger            |    47 |    45 |       ||    92
       Mace              |       |    16 |    16 ||    32
 Cast: Sting             |    38 |    16 |       ||    54
       Poisonous Vapours |     3 |    31 |    11 ||    45
       Olgreb's Toxic Ra |       |     2 |     6 ||     8
  Use: Scroll            |       |     5 |       ||     5
 Stab: Sleeping          |     2 |     6 |     2 ||    10
Armor: Skin              |     9 |     5 |     1 ||    15
Dodge: Dodged            |    69 |    32 |     6 ||   107
Block: Other             |       |     4 |       ||     4
       Buckler           |       |       |     3 ||     3

Levels and vault maps discovered:
D:1:      lightli_arrival_noodles, layout_rooms, serial_shops,
          nicolae_diamond_shop, lemuel_old_faithful
D:2:      layout_loops_ring, nicolae_ecumenical_pavilion, basic_altar,
          uniq_robin
D:3:      layout_loops_ring, mainiacjoe_overflow_alcove_4,
          nicolae_dithmenos_shadow_blocks, chequers_hall_statues_y
D:4:      layout_cave_pods, kennysheep_generic_room_2, uniq_duvessa,
          uniq_menkaure, uniq_ijyb
D:5:      layout_rooms, mainiacjoe_overflow_paths, serial_shops, shop,
          fountainhead, nicolae_eternal_life, uniq_edmund

Notes
Turn   | Place    | Note
-------+----------+-------------------------------------------
     0 | D:1      | zeratav the Octopode Venom Mage began the quest for the
                  | Orb.
     0 | D:1      | Reached XP level 1. HP: 11/11 MP: 3/3
     0 | D:1      | magus.rc [v1.9.6]
    47 | D:1      | Found Xurhonni's Antique Weapon Shoppe.
    76 | D:1      | Reached skill level 3 in Stealth
    87 | D:1      | HP: 2/11 [bat (1)]
    91 | D:1      | Reached skill level 4 in Poison Magic
    91 | D:1      | Reached XP level 2. HP: 2/17 MP: 0/5
   829 | D:1      | Reached XP level 3. HP: 6/21 MP: 4/6
  1094 | D:1      | Reached skill level 4 in Stealth
  1497 | D:2      | Found a faded altar of an unknown god.
  1560 | D:2      | Noticed Robin
  1571 | D:2      | Killed Robin
  1706 | D:1      | Learned a level 2 spell: Poisonous Vapours
  1865 | D:2      | Found a shimmering altar of Xom.
  1929 | D:2      | Reached XP level 4. HP: 22/27 MP: 7/7
  2164 | D:2      | You add the spells Borgnjor's Revivification, Necromutation
                  | and Death's Door to your library.
  2253 | D:2      | Reached skill level 5 in Poison Magic
  2771 | D:3      | Reached skill level 5 in Stealth
  3101 | D:3      | Reached XP level 5. HP: 31/31 MP: 0/8
  3321 | D:3      | Found a shadowy altar of Dithmenos.
  3690 | D:3      | You pick up a book of the Sky and begin reading...
  3690 | D:3      | You add the spells Summon Lightning Spire, Storm Form and
                  | Maxwell's Capacitive Coupling to your library.
  3758 | D:3      | Found a radiant altar of Vehumet.
  3824 | D:3      | Learned a level 4 spell: Olgreb's Toxic Radiance
  3858 | D:4      | Noticed a phantom
  3874 | D:4      | Noticed Duvessa
  3874 | D:4      | Noticed Dowan
  4055 | D:4      | Reached skill level 6 in Poison Magic
  4183 | D:4      | Noticed Menkaure
  4212 | D:4      | Killed Menkaure
  4213 | D:4      | Reached skill level 7 in Poison Magic
  4213 | D:4      | Reached XP level 6. HP: 33/36 MP: 9/9
  4485 | D:4      | Reached skill level 8 in Poison Magic
  4524 | D:4      | HP: 7/36 [iguana (11)]
  4915 | D:4      | Noticed Ijyb
  4930 | D:4      | Killed Ijyb
  5001 | D:4      | Reached XP level 7. HP: 40/41 MP: 10/10
  5463 | D:5      | Entered Level 5 of the Dungeon
  5468 | D:5      | Reached skill level 9 in Poison Magic
  5715 | D:5      | Reached skill level 1 in Fighting
  5716 | D:5      | Found a glowing silver altar of Zin.
  5716 | D:5      | Noticed Edmund
  5726 | D:5      | HP: 7/40 [Edmund/+1 dire flail of draining (10)]
  5727 | D:5      | HP: 1/39 [Edmund/+1 dire flail of draining (6)]
  5727 | D:5      | Slain by Edmund

Vanquished Creatures
  Menkaure (D:4)
  A phantom (D:4)
  A necrophage (D:5)
  An orc priest (D:5)
  A gnoll bouda (D:4)
  A hound (D:5)
  Ijyb (D:4)
  An iguana (D:4)
  An orc wizard (D:5)
  Robin (D:2)
  4 gnolls (D:3)
  7 adders
  A worm (D:2)
  7 orcs
  9 bats
  10 endoplasms
  4 giant cockroaches (D:1)
  7 goblins
  7 hobgoblins
  6 jackals
  5 ball pythons
  3 frilled lizards
  10 kobolds
  6 rats
96 creatures vanquished.

Table legend:
 A = Non-vault XP
 B = Vault XP
 C = Vault XP percentage of total XP
 D = Non-vault monster count
 E = Vault monster count
 F = Vault count percentage of total count
                 A         B        C        D         E       F
            +---------+---------+-------+---------+---------+-------
      Total |     618 |     282 |  31.3 |      84 |      12 |  12.5
            +---------+---------+-------+---------+---------+-------
        D:1 |      46 |       0 |   0.0 |      29 |       0 |   0.0
        D:2 |      39 |      27 |  40.9 |      15 |       7 |  31.8
        D:3 |      88 |       0 |   0.0 |      17 |       0 |   0.0
        D:4 |     220 |     255 |  53.7 |      16 |       5 |  23.8
        D:5 |     225 |       0 |   0.0 |       7 |       0 |   0.0
            +---------+---------+-------+---------+---------+-------

Illustrated notes

Table legend:
 A = Kills in this place as a percentage of kills in entire the game.
 B = Kills by you in this place as a percentage of kills by you in the entire game.
 C = Kills by friends in this place as a percentage of kills by friends in the entire game.
 D = Other kills in this place as a percentage of other kills in the entire game.
 E = Experience gained in this place as a percentage of experience gained in the entire game.
 F = Experience gained in this place divided by the number of levels of this place that you have seen.
                   A       B       C       D       E      F
               +-------+-------+-------+-------+-------+----------------------
         Total | 100.0 | 100.0 |   N/A |   N/A | 100.0 | 180.0
       Dungeon | 100.0 | 100.0 |   N/A |   N/A | 100.0 | 180.0
               +-------+-------+-------+-------+-------+----------------------

Table legend: (Time is in decaauts)
 A = Elapsed time spent in this place.
 B = Non-inter-level travel time spent in this place.
 C = Inter-level travel time spent in this place.
 D = Time resting spent in this place.
 E = Time spent auto-exploring this place.
 F = Levels seen in this place.
 G = Mean time per level.
                   A        B        C        D        E       F      G
               +--------+--------+--------+--------+--------+-----+--------+
         Total |   5737 |   5634 |    103 |   1586 |   2968 |   5 | 1147.4 |
       Dungeon |   5737 |   5634 |    103 |   1586 |   2968 |   5 | 1147.4 |
               +--------+--------+--------+--------+--------+-----+--------+

Top non-repeatable levels by time:
     D:1: 1613 daAuts
     D:4: 1438 daAuts
     D:3: 1306 daAuts
     D:2: 1111 daAuts
     D:5: 266 daAuts
